 Dungeon Crawl Stone Soup version 0.18-a0-1577-gf591c28 (webtiles) character file.

52928 mrath the Basher (level 14, 0/125 HPs)
             Began as a Minotaur Fighter on Mar 18, 2016.
             Was a High Priest of Okawaru.
             Killed from afar by a necromancer (20 damage)
             ... with a bolt of cold
             ... on level 2 of the Abyss.
             The game lasted 02:19:35 (21437 turns).

mrath the Basher (Minotaur Fighter)                Turns: 21437, Time: 02:19:35

Health: 0/125      AC: 29    Str: 24    XL:     14   Next: 29%
Magic:  18/19      EV: 11    Int:  7    God:    Okawaru [*****.]
Gold:   1272       SH: 13    Dex: 12    Spells: 0 memorised, 13 levels left

rFire  + . .     SeeInvis +     K - +7 flail of Brutal Revenge {freeze, Stlth+}
rCold  . . .     Gourm    .     q - +3 plate armour {rPois}
rNeg   . . .     Faith    .     c - +0 shield
rPois  +         Spirit   .     s - +3 crown of Dyrovepreva {rElec Int+2 SInv}
rElec  +         Dismiss  .     R - +2 cloak
rCorr  .         Reflect  .     p - +0 pair of gloves
SustAt .         Harm     .     u - +1 pair of boots
MR     ++...                    (no amulet)
Stlth  ..........               e - ring of protection from magic
                                v - ring of protection from fire

@: about to teleport, very resistant to hostile enchantments, extremely
unstealthy
A: retaliatory headbutt, horns 2
a: Heroism, Finesse, Renounce Religion


You were on level 2 of the Abyss.
You worshipped Okawaru.
Okawaru was extremely pleased with you.
You were hungry.

You visited 3 branches of the dungeon, and saw 20 of its levels.
You visited the Abyss 1 time.

You collected 1272 gold pieces.

Inventory:

Hand Weapons
 A - a +3 flail of holy wrath
 C - a +0 blowgun
 K - the +7 flail of Brutal Revenge (weapon) {freeze, Stlth+}
   (You found it on level 4 of the Dungeon)

   It has been specially enchanted to freeze those struck by it, causing extra
   injury to most foes and up to half again as much damage against particularly
   susceptible opponents.
   It can also slow down cold-blooded creatures.
   It makes you more stealthy.
Missiles
 d - 6 javelins (quivered)
 m - 21 sling bullets
 y - 13 tomahawks
 B - 2 needles of confusion
 D - 25 poisoned needles
 V - 5 tomahawks of returning
 X - 7 curare-tipped needles
Armour
 c - a +0 shield (worn)
 p - a +0 pair of gloves (worn)
 q - a +3 plate armour of poison resistance (worn)
 s - the +3 crown of Dyrovepreva (worn) {rElec Int+2 SInv}
   (You found it on level 2 of the Lair of Beasts)

   It affects your intelligence (+2).
   It insulates you from electricity.
   It lets you see invisible.
 u - a +1 pair of boots (worn)
 w - the +4 robe of Night {+Inv MR+ SInv Stlth+}
   (You found it on level 8 of the Lair of Beasts)

   It affects your resistance to hostile enchantments.
   It lets you see invisible.
   It lets you turn invisible.
   It makes you more stealthy.
 R - a +2 cloak (worn)
Rods
 J - a +2 rod of ignition (11/11)
   (You found it on level 2 of the Lair of Beasts)
Jewellery
 e - a ring of protection from magic (right hand)
 r - an uncursed amulet of dismissal
 v - a ring of protection from fire (left hand)
 M - an uncursed ring of flight
 P - an uncursed ring of protection from fire
 Q - an uncursed ring of protection from magic
Wands
 a - a wand of iceblast (4/15)
 g - a wand of digging (11/24)
 n - a wand of lightning (8/15)
 F - a wand of disintegration (19/24)
 N - a wand of lightning (15/15)
Scrolls
 f - a scroll of teleportation
 i - 6 scrolls of remove curse
 j - a scroll of enchant armour
 k - 2 scrolls of identify
 l - 2 scrolls of silence {unknown}
 t - 2 scrolls of fog {unknown}
 E - 3 scrolls of blinking
Potions
 b - 8 potions of curing
 x - a potion of flight {unknown}
 z - 2 potions of ambrosia {unknown}
 G - a potion of berserk rage {unknown}
 O - a potion of might
Comestibles
 h - a slice of pizza
 o - 45 fruits


   Skills:
 + Level 11.8 Fighting
 + Level 12.6 Maces & Flails
 + Level 12.2 Armour
 + Level 10.9 Dodging
 + Level 11.8 Shields
 - Level 8.4 Invocations
 + Level 8.8 Evocations


You had 13 spell levels left.
You didn't know any spells.

Dungeon Overview and Level Annotations

Branches:
Dungeon (11/15)            Temple (1/1) D:7            Lair (8/8) D:11
  Swamp (0/4) Lair:4       Spider (0/4) Lair:3        Slime (0/6) Lair:6
    Orc (0/2) D:11

Altars:
Cheibriados
Dithmenos
Elyvilon
Fedhas
Kikubaaqudgha
Nemelex Xobeh
Okawaru
Pakellas
Ru
Sif Muna
Trog
Xom
Yredelemnul
Zin
The Shining One
Beogh

Shops:
D:4 *   D:7 }   D:9 %   D:11 =

Annotations:
D:5 1 runed door
Lair:1 Sonja
Lair:4 exclusion: oklob plant


Innate Abilities, Weirdness & Mutations

You reflexively headbutt those who attack you in melee.
You have a pair of horns on your head.


Message History

You block the sixfirhy's attack.
The sixfirhy hits you but does no damage.
The golden dragon skeleton bites you but does no damage.
The golden dragon skeleton claws you but does no damage.
The golden dragon skeleton tramples you.
* * * LOW HITPOINT WARNING * * *
The sixfirhy barely misses you. You furiously retaliate!
You headbutt the sixfirhy. The sixfirhy completely misses you.
You block the sixfirhy's attack. x2
A necromancer comes into view. It is wielding a dagger.
You are feeling hungry.
The necromancer shouts!
The sixfirhy hits you but does no damage.
You feel like a meek peon again.
The sixfirhy hits you but does no damage. x3
A starcursed mass comes into view.
Your hands slow down.
The necromancer casts a spell at you. The bolt of cold hits you!
You die...

. # #.# #. # ...♣
.♣... . ..♣♣##..# #
.# ♣## ♣.#. .#. ..
...##.
##X.###...####.#
..#...
...#....###.p..
.....#.#..#.#....#..
##.....#.#.......###
##.##..Z##.##.@...#
..## #..
..###...##.... .
#.)..####4##### # .
#....Z.......... #.
#.#.##.########.
..... #..... .
##.#....#....... .
#.#..#.._###..# .
##...###.. #..#


You could see a starcursed mass, a necromancer and a sixfirhy.

Vanquished Creatures
  Gastronok (D:9)
  An Executioner (Abyss:2)
  A dire elephant (Lair:8)
  Josephine (Lair:4)
  An ice dragon (Lair:6)
  6 hydras
  A centaur warrior (D:11)
  A catoblepas (Lair:8)
  The ghost of PeterLawrence the Basher, a novice MiFi of Okawaru (D:10)
  A wretched star (Abyss:2)
  The ghost of Azzok the Thaumaturge, a novice GrEE of Vehumet (D:9)
  The ghost of mrath the Basher, a novice MiFi of Okawaru (D:7)
  A hill giant (D:11)
  6 lindwurms
  Pikel (D:9)
  An ugly thing (D:10)
  3 griffons
  4 black mambas
  Joseph (D:9)
  10 elephants
  2 gargoyles (D:10)
  Psyche (D:10)
  18 spiny frogs
  14 komodo dragons
  6 rime drakes
  7 polar bears
  A slime creature (Lair:6)
  The ghost of Ijustatesigmund the Insei, an amateur OpTm (D:4)
  2 boulder beetles (Lair:8)
  9 blink frogs
  A redback (Lair:3)
  8 yaks
  4 wraiths (Lair:4)
  Grum (D:9)
  3 basilisks
  4 hippogriffs
  Duvessa (D:7)
  17 water moccasins
  11 porcupines
  2 black bears
  3 ice beasts
  2 orc warriors (D:11)
  A sky beast (D:6)
  7 wolves
  3 phantoms
  2 ogres
  13 centaurs
  10 crocodiles
  A big kobold (D:9)
  14 giant frogs
  Blork the orc (D:6)
  A wyvern zombie (D:7)
  Dowan (D:7)
  A scorpion (D:7)
  2 killer bees (D:5)
  8 wights
  7 howler monkeys
  5 electric eels
  2 crimson imps
  8 jellies
  Crazy Yiuf (D:5)
  9 hounds
  2 gnoll shamans (D:10)
  8 orc priests
  A centaur skeleton (D:9)
  A giant frog skeleton (D:9)
  8 orc wizards
  11 iguanas
  8 worker ants
  22 sheep
  An ogre zombie (Abyss:2)
  A hound skeleton (D:4)
  A howler monkey skeleton (D:9)
  A howler monkey zombie (D:10)
  11 adders
  17 gnolls
  68 river rats
  4 shadow imps
  An ooze (D:4)
  2 adder skeletons
  3 worms
  3 dart slugs
  8 giant geckos
  29 orcs
  2 bat zombies (D:8)
  9 giant cockroaches
  4 goblins
  7 hobgoblins
  5 quokkas
  2 ball pythons
  7 bats
  A jackal skeleton (D:4)
  A jackal zombie (D:8)
  9 kobolds
  7 rats
  2 rat zombies (D:8)
  A butterfly (D:5)
  6 fungi
  8 plants
541 creatures vanquished.

Vanquished Creatures (others)
  A slave (D:9)
  An orc wizard (D:9)
  2 jackals (D:8)
  8 fungi (Lair:8)
  8 plants
20 creatures vanquished.

Grand Total: 561 creatures vanquished

Notes
Turn   | Place    | Note
--------------------------------------------------------------
     0 | D:1      | mrath the Minotaur Fighter began the quest for the Orb.
     0 | D:1      | Reached XP level 1. HP: 19/19 MP: 0/0
   237 | D:1      | Reached XP level 2. HP: 23/26 MP: 1/1
   683 | D:1      | Reached XP level 3. HP: 22/31 MP: 2/2
  1204 | D:2      | Found an iron altar of Okawaru.
  1337 | D:2      | Became a worshipper of Warmaster Okawaru
  1458 | D:2      | Reached skill level 5 in Maces & Flails
  1510 | D:2      | Found a blossoming altar of Fedhas.
  1565 | D:2      | Found a sparkling altar of Nemelex Xobeh.
  1643 | D:2      | Reached XP level 4. HP: 39/39 MP: 3/3
  1755 | D:2      | Found a glowing golden altar of the Shining One.
  1954 | D:3      | Reached skill level 1 in Dodging
  1954 | D:3      | Reached skill level 1 in Invocations
  1954 | D:3      | Reached XP level 5. HP: 40/46 MP: 4/4
  2789 | D:4      | Noticed Ijustatesigmund's ghost (amateur OpTm)
  2798 | D:3      | Reached * piety under Okawaru
  2872 | D:4      | Killed Ijustatesigmund's ghost
  2872 | D:4      | Reached skill level 1 in Evocations
  2872 | D:4      | Reached XP level 6. HP: 46/55 MP: 4/6
  3218 | D:4      | Reached skill level 5 in Fighting
  3218 | D:4      | Reached XP level 7. HP: 59/61 MP: 7/7
  3256 | D:4      | Found Upumul's Serpentskin Sales.
  3269 | D:4      | Reached ** piety under Okawaru
  3269 | D:4      | Reached skill level 5 in Armour
  3499 | D:4      | Got an ancient flail
  3544 | D:4      | Identified the +7 flail of Brutal Revenge {freeze, Stlth+} (You found it on level 4 of the Dungeon)
  3664 | D:4      | Found an oddly glowing altar of Pakellas.
  3745 | D:5      | Entered Level 5 of the Dungeon
  3862 | D:5      | Found a runed door.
  3878 | D:5      | Found a runed door.
  4082 | D:5      | Reached skill level 5 in Shields
  4516 | D:5      | Found a sacrificial altar of Ru.
  4669 | D:5      | Noticed Crazy Yiuf
  4676 | D:5      | Killed Crazy Yiuf
  4809 | D:6      | Reached XP level 8. HP: 68/68 MP: 8/8
  5012 | D:5      | Found a snail-covered altar of Cheibriados.
  5297 | D:6      | Reached *** piety under Okawaru
  5495 | D:6      | Noticed Blork the orc
  5504 | D:6      | Killed Blork the orc
  5508 | D:6      | Found a white marble altar of Elyvilon.
  5561 | D:6      | Found a deep blue altar of Sif Muna.
  6042 | D:7      | Noticed mrath's ghost (novice MiFi)
  6045 | D:7      | Noticed Duvessa
  6064 | D:7      | Noticed Dowan
  6065 | D:7      | Killed mrath's ghost
  6065 | D:7      | Reached skill level 5 in Dodging
  6065 | D:7      | Reached XP level 9. HP: 70/78 MP: 8/10
  6068 | D:7      | Killed Duvessa
  6068 | D:7      | Reached **** piety under Okawaru
  6072 | D:7      | Killed Dowan
  6297 | D:7      | Found Daewufum's Gadget Shoppe.
  6343 | D:7      | Found a bloodstained altar of Trog.
  6689 | D:7      | Found a staircase to the Ecumenical Temple.
  6905 | Temple   | Entered the Ecumenical Temple
  7222 | D:8      | Got a steaming granite ring
  7457 | D:8      | Identified the ring "Ickusi Dane" {*Confuse rElec rPois MR- Dex+4 SInv} (You found it on level 8 of the Dungeon)
  7590 | D:8      | Found an ancient bone altar of Kikubaaqudgha.
  7770 | D:9      | Noticed Joseph
  7790 | D:9      | Killed Joseph
  7790 | D:9      | Reached ***** piety under Okawaru
  7790 | D:9      | Reached XP level 10. HP: 86/86 MP: 10/12
  7916 | D:9      | Found a basalt altar of Yredelemnul.
  7932 | D:9      | Noticed Pikel
  7953 | D:9      | Killed Pikel
  8020 | D:9      | Reached skill level 5 in Invocations
  8079 | D:9      | Found a shimmering altar of Xom.
  8110 | D:9      | Found a shimmering altar of Xom.
  8186 | D:9      | Noticed Grum
  8198 | D:9      | Killed Grum
  8222 | D:9      | Noticed Azzok's ghost (novice GrEE)
  8245 | D:9      | Killed Azzok's ghost
  8300 | D:9      | Found Tioc's Food Boutique.
  8328 | D:9      | Found a shadowy altar of Dithmenos.
  8342 | D:9      | Found a shimmering altar of Xom.
  8368 | D:9      | Noticed Gastronok
  8389 | D:9      | Killed Gastronok
  8389 | D:9      | Received a gift from Okawaru
  8389 | D:9      | Reached skill level 5 in Evocations
  8761 | D:10     | Entered Level 10 of the Dungeon
  8761 | D:10     | Noticed PeterLawrence's ghost (novice MiFi)
  8771 | D:10     | Killed PeterLawrence's ghost
  8771 | D:10     | Reached XP level 11. HP: 92/95 MP: 6/14
  8804 | D:10     | Received a gift from Okawaru
  9139 | D:10     | Noticed Psyche
  9149 | D:10     | Killed Psyche
  9898 | D:11     | Noticed a hill giant
  9908 | D:11     | Killed a hill giant
 10042 | D:11     | Noticed a four-headed hydra
 10051 | D:11     | Killed a four-headed hydra
 10068 | D:11     | Found a staircase to the Orcish Mines.
 10081 | D:11     | Noticed a centaur warrior
 10082 | D:11     | Noticed a five-headed hydra
 10536 | D:11     | Killed a centaur warrior
 10537 | D:11     | Found a staircase to the Lair.
 10604 | D:11     | Killed a five-headed hydra
 10613 | D:11     | Found Muuron's Jewellery Boutique.
 10633 | D:11     | Noticed a green ugly thing
 10669 | D:10     | Killed a green ugly thing
 10679 | D:11     | Reached skill level 10 in Maces & Flails
 10715 | D:11     | Found a roughly hewn altar of Beogh.
 11109 | Lair:1   | Entered Level 1 of the Lair of Beasts
 11198 | Lair:1   | Received a gift from Okawaru
 11198 | Lair:1   | Reached XP level 12. HP: 104/104 MP: 16/16
 11579 | Lair:1   | Noticed Sonja
 12397 | Lair:2   | Reached skill level 10 in Armour
 13092 | Lair:2   | Identified a +2 rod of ignition (11/11) (You found it on level 2 of the Lair of Beasts)
 13623 | Lair:3   | Found a hole to the Spider Nest.
 13906 | Lair:3   | Reached skill level 10 in Fighting
 14036 | Lair:3   | Noticed a seven-headed hydra
 14046 | Lair:3   | Killed a seven-headed hydra
 14046 | Lair:3   | Reached skill level 10 in Shields
 14256 | Lair:4   | Found a staircase to the Swamp.
 14373 | Lair:4   | Got a slimy trident
 14417 | Lair:4   | Noticed Josephine
 14424 | Lair:4   | Killed Josephine
 14424 | Lair:4   | Received a gift from Okawaru
 14600 | Lair:4   | Identified the +2 trident "Eblio" {holy, Int+4 Dex+5} (You found it on level 4 of the Lair of Beasts)
 15748 | Lair:5   | Reached XP level 13. HP: 94/114 MP: 15/18
 15947 | Lair:5   | Received a gift from Okawaru
 17088 | Lair:6   | Found a staircase to the Slime Pits.
 17807 | Lair:6   | Reached skill level 10 in Dodging
 18307 | Lair:7   | Received a gift from Okawaru
 18594 | Lair:7   | Found a glowing silver altar of Zin.
 18860 | Lair:8   | Entered Level 8 of the Lair of Beasts
 19450 | Lair:8   | Received a gift from Okawaru
 19870 | Lair:8   | Found a glowing silver altar of Zin.
 20276 | Lair:8   | Reached XP level 14. HP: 116/124 MP: 19/19
 21296 | Lair:8   | Cast into level 2 of the Abyss (a wizard)
 21341 | Abyss:2  | Found a burning altar of Makhleb.
 21375 | Abyss:2  | Noticed an Executioner
 21398 | Abyss:2  | Killed an Executioner
 21423 | Abyss:2  | Noticed a bone dragon
 21437 | Abyss:2  | Noticed a starcursed mass
 21437 | Abyss:2  | Killed from afar by a necromancer

Vault maps used:
D:1:      eino_arrival_cavern_e, minmay_stone_trees_medium
D:2:      nicolae_overflow_crystal_walls, nicolae_tso_swordbearing_angel,
          marbit_many_paths, okawaru_ov_weapons_minmay
D:3:      first_bread
D:4:      johnstein_pakellas_death_squad, guppyfry_shop_venom
D:5:      lemuel_insect_pit, cheibrodos_worm_habitat, basic_altar,
          uniq_crazy_yiuf_cottage
D:6:      elyvilon_altar_3, basic_altar, hangedman_abyss_or_decor_stabs,
          corexii_corridor_pit, uniq_blork_the_orc
D:7:      overflow_temple_1_default, minmay_temple_entry_hall, serial_shops,
          shop, uniq_duvessa
D:8:      lemuel_zombie_altar_kikubaaqudgha, water_boxes_lemuel
D:9:      yredelemnul_altar_generic, xom_redecorated, grunt_dithmenos_shadows,
          serial_shops, kennysheep_mini, blue_anna_alchemist,
          minmay_gold_behind_fungi, st_stairs_3, uniq_pikel, uniq_gastronok,
          uniq_joseph, uniq_grum
D:10:     uniq_psyche
D:11:     david_lair_shrubbed, minmay_orc_entry_temple_small, serial_shops,
          kennysheep_mini_moat
Temple:   hc_temple_tempest_star
Lair:1:   serial_bayou_lagoon_a, wad_woods_river_03, lemuel_fruit_tree,
          uniq_sonja
Lair:2:   minmay_lindwurm_lava, serial_bayou_shore_b
Lair:3:   spider_nest_entry_webs, beast_lair_carwin_6
Lair:4:   minmay_lair_oklob_tunnel, minmay_swamp_entry_eels, uniq_josephine
Lair:5:   serial_bayou_pond_c, grunt_forest_small_clearing_treed
Lair:6:   minmay_slime_entry_pillars, portal_ice_cave_entry_animals_and_master
Lair:7:   basic_altar
Lair:8:   evil_forest, grunt_forest_small_clearings, wad_woods_road_02,
          lemuel_centaur_altar

Skill      XL: |  1  2  3  4  5  6  7  8  9 10 11 12 13 14 |
---------------+-------------------------------------------+-----
Maces & Flails | 3 4 5 6 7 8 9 10 11 12 | 12.6
Fighting       | 4 5 6 7 8 9 10 11 | 11.8
Dodging        | 1 2 3 5 7 8 9 10 | 10.9
Invocations    | 1 2 3 4 5 7 8 |  8.4
Armour         | 4 5 6 7 8 9 10 11 12 | 12.2
Shields        | 4 5 6 7 8 9 10 11 | 11.8
Evocations     | 1 2 3 4 5 6 7 8 |  8.8

Action                   |  1- 3 |  4- 6 |  7- 9 | 10-12 | 13-15 || total
-------------------------+-------+-------+-------+-------+-------++-------
Melee: Flail             |   104 |    94 |   274 |   660 |   665 ||  1797
 Fire: Blowgun           |       |       |     2 |     7 |       ||     9
Throw: Javelin           |       |       |       |    34 |     8 ||    42
       Tomahawk          |       |       |       |     2 |       ||     2
Invok: Heroism           |       |       |     3 |    18 |    12 ||    33
       Finesse           |       |       |       |    11 |     9 ||    20
 Abil: Evoke Flight      |       |       |       |     3 |       ||     3
  Use: Potion            |       |     2 |       |       |     2 ||     4
       Scroll            |       |     1 |     8 |    10 |     5 ||    24
  Eat: Chunk             |     2 |     5 |    14 |    23 |    19 ||    63
       Beef jerky        |       |       |     1 |       |       ||     1
       Pizza             |       |       |       |     1 |     1 ||     2
       Fruit             |       |       |       |     5 |       ||     5
